 Dungeon Crawl Stone Soup version 0.30-a0-1157-g2cc9ac7196 (webtiles) character file.

Game seed: 966115842160404134

198 jimonade the Trooper (level 5, -1/42 HPs)
             Began as a Mummy Fighter on Apr 25, 2023.
             Slain by an iguana (7 damage)
             ... on level 4 of the Dungeon.
             The game lasted 00:06:17 (2503 turns).

jimonade the Trooper (Mummy Fighter)                Turns: 2503, Time: 00:06:18

Health: -1/42      AC:  8    Str: 20    XL:     5   Next: 47%
Magic:  5/5        EV:  9    Int:  9    God:
Gold:   64         SH:  4    Dex: 11    Spells: 4/4 levels left

rFire   x . .        a - +2 short sword (venom)
rCold   + . .        c - +0 buckler
rNeg    + + +        b - +0 scale mail
rPois   ∞            (no helmet)
rElec   .            f - scarf {shadows}
rCorr   .            (no gloves)
SInv    .            d - +0 pair of boots
Will    .....        (no amulet) Stlth
                     (no ring)
HPRegen 0.27/turn    (no ring)
MPRegen 0.09/turn

%: faith
@: no status effects
A: cold resistance 1, negative energy resistance 3, torment resistance 2, heat
vulnerability 1, in touch with death 1, no potions, faith
a: no special abilities


You were on level 4 of the Dungeon.
You visited 1 branch of the dungeon, and saw 4 of its levels.

You collected 64 gold pieces.

Inventory:

Hand Weapons
 a - a +2 short sword of venom (weapon)
 k - a +2 dagger of protection
 l - a +0 sling
 m - a +0 dagger of venom
 o - a +0 flail
 v - a +3 whip
Missiles
 n - 2 javelins (quivered)
Armour
 b - a +0 scale mail (worn)
 c - a +0 buckler (worn)
 d - a +0 pair of boots (worn)
 f - a scarf of shadows (worn)
Magical Staves
 r - a staff of death
Jewellery
 q - a ring of fire
Scrolls
 e - 4 scrolls of identify
 g - a scroll of poison
 h - a scroll of blinking
 i - 2 scrolls of fear
 j - 2 scrolls of teleportation
 p - a scroll of amnesia
 s - a scroll of noise {unknown}
 t - a scroll of acquirement {unknown}
 u - a scroll of butterflies {unknown}


   Skills:
 + Level 4.0 Fighting
 + Level 1.2 Short Blades
 - Level 2.1 Maces & Flails
 + Level 3.2 Armour
 + Level 1.1 Dodging
 + Level 0.2 Stealth
 + Level 3.0 Shields


You had 4 spell levels left.
You didn't know any spells.
Your spell library contained the following spells:

 Spells                   Type           Power      Damage    Failure   Level
 Iskenderun's Battlesphe  Conj           0%         2d6       100%        5
 Iron Shot                Conj/Erth      0%         9d1       100%        6
 Spellforged Servitor     Conj/Summ      0%         N/A       100%        7


Dungeon Overview and Level Annotations

Branches:
Dungeon (4/15)
 Temple: D:4-7

Altars:

Shops:
D:2 (

Annotations:
D:4 Sigmund


Innate Abilities, Weirdness & Mutations

You are immune to poison.
Your flesh is cold resistant. (rC+)
You are immune to negative energy. (rN+++)
You are immune to unholy pain and torment.
You are vulnerable to heat. (rF-)
You are in touch with the powers of death.
You do not drink.
You have a special connection with the divine. (Faith)


Message History

The orc barely misses you. The iguana barely misses you.
You hit the orc but do no damage. The orc hits you with a +0 dagger.
You block the iguana's attack. Something completely misses you.
You completely miss the iguana. The iguana barely misses you.
The orc misses you.
You hit the iguana.
The iguana is poisoned.
The iguana is lightly wounded.
You block something's attack. The orc hits you with a +0 dagger.
The iguana bites you but does no damage.
You hit the orc.
The orc is poisoned.
The orc is lightly wounded.
The orc hits you with a +0 dagger. The iguana barely misses you.
Something completely misses you.
You barely miss the iguana.
The iguana is moderately wounded.
The iguana barely misses you. The orc barely misses you.
You hit the iguana but do no damage.
The iguana is moderately wounded.
Something hits you. You block the orc's attack.
The iguana completely misses you.
You barely miss the iguana.
The iguana is moderately wounded.
The iguana bites you!
* * * LOW HITPOINT WARNING * * *
The orc hits you with a +0 dagger.
* * * LOW HITPOINT WARNING * * *
You hit the iguana but do no damage.
The iguana looks as sick as possible!
The iguana is heavily wounded.
Something hits you but does no damage. The orc hits you but does no damage.
You block the iguana's attack.
You hit the iguana but do no damage.
The iguana is severely wounded.
You kill the orc!
Something hits you but does no damage. The iguana closely misses you.
You hit the iguana but do no damage.
The iguana looks as sick as possible!
The iguana is almost dead.
Something hits you.
* * * LOW HITPOINT WARNING * * *
The iguana bites you!
You die...

...####.##
..>.....# ##.####.#
##'## ##...##
#.....## #.......##
.#
..........####...#
...........l@{oo...
#..........####....
)#.......## ##
##...<.## ##...#
##+#


You could see an iguana (extremely poisoned) and 2 orcs.

Vanquished Creatures
  A jelly (D:3)
  An orc priest (D:4)
  Robin (D:2)
  3 adders
  4 worms
  3 dart slugs
  7 orcs (D:4)
  5 ball pythons
  3 bats
  8 endoplasms
  A giant cockroach (D:4)
  20 goblins
  6 hobgoblins
  2 frilled lizards
  5 kobolds
  2 rats (D:1)
72 creatures vanquished.

Notes
Turn   | Place    | Note
-------+----------+-------------------------------------------
     0 | D:1      | jimonade the Mummy Fighter began the quest for the Orb.
     0 | D:1      | Reached XP level 1. HP: 18/18 MP: 1/1
   102 | D:1      | Reached XP level 2. HP: 19/24 MP: 2/2
   740 | D:2      | Gained mutation: You are in touch with the powers of death.
                  | [Mummy growth]
   740 | D:2      | Reached XP level 3. HP: 29/29 MP: 3/3
   916 | D:2      | Found Daurgh's Antique Weapon Emporium.
  1063 | D:2      | Noticed Robin
  1080 | D:2      | Killed Robin
  1647 | D:3      | Reached XP level 4. HP: 24/35 MP: 4/4
  1741 | D:3      | Found a faded altar of an unknown god.
  1987 | D:3      | Reached skill level 1 in Dodging
  2108 | D:3      | You fall into a shaft and drop 1 floor!
  2208 | D:4      | Reached XP level 5. HP: 41/42 MP: 5/5
  2324 | D:4      | Reached skill level 4 in Fighting
  2324 | D:4      | Reached skill level 1 in Short Blades
  2484 | D:4      | Noticed Sigmund
  2503 | D:4      | Slain by an iguana

Illustrated notes

Levels and vault maps discovered:
D:1:      psy_arrival_conway, layout_basic, grunt_decor_one_mirror
D:2:      layout_basic, serial_shops, shop, uniq_robin
D:3:      layout_loops_cross, shapermc_ecumenical_altar_mp_urbaneastern
D:4:      layout_loops_corners, minmay_temple_entry_ruins,
          gup_sewer_entry_spiral, uniq_sigmund

Skill      XL: |  1  2  3  4  5 |
---------------+----------------+-----
Maces & Flails | 2 |  2.1
Armour         | 3 |  3.2
Shields        | 3 |  3.0
Dodging        | 1 |  1.1
Fighting       | 4 |  4.0
Short Blades   | 1 |  1.2
Stealth        | |  0.2

Action                     |  1- 3 |  4- 6 || total
---------------------------+-------+-------++-------
  Melee: Flail             |   142 |       ||   142
         Short sword       |     3 |   122 ||   125
    Use: Scroll            |       |     5 ||     5
 Armour: Scale mail        |    87 |    28 ||   115
  Dodge: Dodged            |    60 |    51 ||   111
  Block: Buckler           |    28 |    19 ||    47

Table legend: (Time is in decaauts)
 A = Elapsed time spent in this place.
 B = Non-inter-level travel time spent in this place.
 C = Inter-level travel time spent in this place.
 D = Time resting spent in this place.
 E = Time spent auto-exploring this place.
 F = Levels seen in this place.
 G = Mean time per level.
                   A        B        C        D        E       F      G
               +--------+--------+--------+--------+--------+-----+--------+
         Total |   2557 |   2454 |    103 |     31 |   1488 |   4 |  639.2 |
       Dungeon |   2557 |   2454 |    103 |     31 |   1488 |   4 |  639.2 |
               +--------+--------+--------+--------+--------+-----+--------+

Top non-repeatable levels by time:
     D:2: 939 daAuts
     D:1: 750 daAuts
     D:3: 473 daAuts
     D:4: 394 daAuts
